 BcadrenCrawl: Boulder Brew version 0.04-3-g5ec7fb31a4 (webtiles) character file.

Game seed: 10213517738918255021, levelgen mode: deterministic

129 Chiseanne the Ducker (level 5, 0/37 HPs) Goblin Demonspawn. Began on Mar 21, 2021. Slain by a big kobold ... wielding a +0 short sword (6 damage) ... on level 2 of the Dungeon. The game lasted 00:01:40 (708 turns).

Chiseanne the Ducker (Goblin Demonspawn)             Turns: 708, Time: 00:01:40

Health: 0/37       AC:  5    Str:  8    XL:     5 ^: 84
Magic:  6/6        EV: 16    Int:  6    God:
Gold:   120        SH:  0    Dex:  6    Spells: 5/6 levels left

rFire    . . .     Vision   .   a - +0 long sword
rCold    . . .     Gourm    .   i - +0 short sword (acid)
rNeg     . . .     Faith    .   o - +0 ring mail
rPois    .         Spirit   .   (no helmet)
rElec    .         Reflect  .   (no cloak)
rCorr    .         Harm     .   (no gloves)
MR       .....                  (no boots)
Stlth    +.........             (no amulet)
HPRegen  0.22/turn              (no ring)
MPRegen  0.16/turn              (no ring)

@: no status effects
A: small, stagnant stats, goblin's greed, hooves 1, repulsion field 1, low mp 1,
mutation resistance 1, powered by death 1, god's pity 2
a: no special abilities


You were on level 2 of the Dungeon.
You were not hungry.

You visited 1 branch of the dungeon, and saw 2 of its levels.

You collected 99 gold pieces.

Inventory:

Weapons
 a - a +0 long sword (weapon)
 i - a +0 short sword of caustic ooze (weapon)
Armour
 h - a +0 plate armour
 o - a +0 ring mail (worn)
Jewellery
 c - an uncursed amulet of rage
Scrolls
 e - a scroll of teleportation
 f - a scroll of amnesia
 k - a scroll of immolation
 l - a scroll of fog
 m - 2 scrolls of enchantment
 n - 3 scrolls of bless item
Potions
 g - a potion of might
 j - 2 potions of brilliance
Comestibles
 d - 4 rations


   Skills:
 * Level 4.2 Fighting
 - Level 2.6 Long Blades
 * Level 0.0 Armour
 * Level 5.6 Dodging
 - Level 2.6 Stealth
 - Level 1.3 Spellcasting
 - Level 2.6 Fire Magic
   Level 4.0 Invocations


You had 5 spell levels left.
You knew the following spells:

 Your Spells              Type           Power        Failure   Level  Hunger
a - Flame Tongue          Fire           3 (30)       26%         1    ##.....

Your spell library contained the following spells:

 Spells                   Type           Power        Failure   Level  Hunger
 Conjure Flame            Fire           3 (100)      58%         3    ####...
 Blink                    Tloc           N/A          75%         2    ###....
 Call Imp                 Summ           0 (100)      75%         2    ###....
 Slow                     Hex            0 (100)      75%         2    ###....
 Mephitic Cloud           Pois/Air       0 (100)      92%         3    ####...


Dungeon Overview and Level Annotations

Branches:
Dungeon (2/8)

Altars:


Innate Abilities, Weirdness & Mutations

Your stats never grow through leveling.
Your goblin ancestry allows you to find more gold. (+20%)
You are small and have problems with some larger weapons.
You have large cloven feet.
You are surrounded by a mild repulsion field. (EV +2)
Your magical capacity is low. (-10% MP)
You are somewhat resistant to further mutation.
You regenerate a little health from kills.
The pity of the gods increases the power of your passive and invoked divine abilities.


Message History

You are too injured to fight recklessly!
You are too injured to fight recklessly!
You are too injured to fight recklessly!
You are too injured to fight recklessly!
You are too injured to fight recklessly!
You are too injured to fight recklessly!
You are too injured to fight recklessly!
You closely miss the big kobold. You hit the big kobold (3).
The big kobold is splashed with acid (2).
The big kobold hits you with a +0 short sword (7)!
* * * LOW HITPOINT WARNING * * *
The cinder newt closely misses you (0).
You riposte.
You closely miss the cinder newt.
The big kobold hits you but does no damage.
The cinder newt closely misses you (0).
You hit the big kobold (2). x2
The big kobold is splashed with acid (3).
The big kobold barely misses you (0). The cinder newt barely misses you (0).
The big kobold hits you with a +0 short sword (6).
You die...

## .≈#
#≈#...#
.....≈?
#...≈. #....
##### #..##
##.l.###..≈#
#≈.K@≈#≈.<.#
#..##..≈..##
#≈ ##..### #
####


You could see a big kobold and a submerged cinder newt.

Vanquished Creatures
  4 giant cockroaches (D:1)
  4 cinder newts (D:1)
  A dart slug (D:1)
  3 leopard geckos (D:1)
  A ball python (D:1)
  5 bats (D:1)
  6 goblins (D:1)
  6 hobgoblins (D:1)
  6 kobolds
  2 rats (D:1)
38 creatures vanquished.

Vanquished Creatures (others)
  6 withered plants (D:2)
6 creatures vanquished.

Grand Total: 44 creatures vanquished

Notes
Turn   | Place    | Note
-------+----------+-------------------------------------------
     0 | D:1      | Chiseanne the Goblin Demonspawn began the quest for the
                  | Orb.
     0 | D:1      | Reached XP level 1. HP: 13/13 MP: 2/2
     6 | D:1      | Noticed a basilisk
     6 | D:1      | Noticed a tyrant leech
     6 | D:1      | Noticed a worker ant
     6 | D:1      | Noticed a centaur
    45 | D:1      | Gained mutation: You have large cloven feet. [demonic
                  | ancestry]
    45 | D:1      | Reached XP level 2. HP: 20/20 MP: 3/3
    46 | D:1      | Gained mutation: You are surrounded by a mild repulsion
                  | field. (EV +2) [demonic ancestry]
    46 | D:1      | Reached XP level 3. HP: 25/25 MP: 4/4
    96 | D:1      | Reached skill level 5 in Dodging
    96 | D:1      | Gained mutation: You regenerate a little health from kills.
                  | [demonic ancestry]
    96 | D:1      | Reached XP level 4. HP: 31/31 MP: 5/5
   281 | D:1      | Reached XP level 5. HP: 37/37 MP: 6/6
   708 | D:2      | Slain by a big kobold

Levels and vault maps discovered:
D:1:      onia_arrival_zoo_common, layout_cave_pools
D:2:      layout_sewer, marbit_many_paths, first_ration, minmay_tripent

Skill      XL: |  1  2  3  4 |
---------------+-------------+-----
Fighting       | 2 3 4 |  4.2
Dodging        | 5 |  5.6
Long Blades    | |  2.6
Stealth        | |  2.6
Spellcasting   | |  1.3
Fire Magic     | |  2.6
Invocations    | |  4.0

Action                   |  1- 3 |  4- 6 || total
-------------------------+-------+-------++-------
Melee: Long sword        |    22 |    56 ||    78
       Unarmed           |     6 |       ||     6
       Short sword       |    13 |    49 ||    62
       Kick              |     1 |     3 ||     4
 Stab: Sleeping          |       |     1 ||     1
Armor: Leather armour    |     7 |    17 ||    24
       Ring mail         |       |     6 ||     6
Dodge: Dodged            |    52 |   126 ||   178
       Rpst.: Long sword |    21 |    38 ||    59
